 Dungeon Crawl Stone Soup version 0.31-a0-848-gaac375c287 (console) character file.

Game seed: 3932770930554649609

155 capslocke the Ogre Mage (level 5, 0/48 HPs)
             Began as an Ogre Hedge Wizard on Oct 5, 2023.
             Slain by Menkaure (21 damage)
             ... on level 4 of the Dungeon.
             The game lasted 00:11:42 (3675 turns).

capslocke the Ogre Mage (Ogre Hedge Wizard)         Turns: 3675, Time: 00:11:48

Health: 0/48       AC:  4    Str: 14    XL:     5   Next: 37%
Magic:  8/12       EV: 10    Int: 17    God:
Gold:   163        SH:  0    Dex:  8    Spells: 13/14 levels left

rFire   . . .        g - staff of conjuration
rCold   . . .        (no shield)
rNeg    . . .        b - +0 robe
rPois   .            c - +0 hat
rElec   .            p - +0 cloak
rCorr   +            (gloves unavailable)
SInv    .            (boots unavailable)
Will    .....        s - amulet of regeneration
Stlth   +            j - ring of resist corrosion
HPRegen 1.08/turn    (no ring)
MPRegen 0.13/turn

%: no passive effects
@: no status effects
A: large, unfitting armour, tough skin 1
a: no special abilities


You were on level 4 of the Dungeon.
You visited 1 branch of the dungeon, and saw 4 of its levels.

You collected 163 gold pieces.

Inventory:

Hand Weapons
 a - a +0 dagger
Armour
 b - a +0 robe (worn)
 c - a +0 hat (worn)
 p - a +0 cloak (worn)
Magical Staves
 g - a staff of conjuration (weapon)
Jewellery
 j - a ring of resist corrosion (left hand)
 n - a ring of ice
 s - an amulet of regeneration (around neck)
Talismans
 o - a flux talisman
Scrolls
 e - 5 scrolls of identify {unknown}
 f - 2 scrolls of teleportation {unknown}
 h - a scroll of enchant weapon {unknown}
 i - a scroll of fog {unknown}
 l - a scroll of poison {unknown}
 m - a scroll of vulnerability {unknown}
 u - a scroll of noise {unknown}
 v - a scroll of amnesia {unknown}
Potions
 d - 3 potions of magic
 k - 3 potions of curing {unknown}
 q - 2 potions of haste {unknown}
 r - 2 potions of mutation {unknown}
 t - a potion of ambrosia {unknown}


   Skills:
 + Level 1.2 Fighting
 + Level 1.7 Staves
 + Level 2.4 Dodging
 - Level 1.4 Stealth
 + Level 5.1 Spellcasting
 + Level 2.0 Conjurations
 + Level 0.8 Summonings
 + Level 0.8 Translocations


You had 13 spell levels left.
You knew the following spells:

 Your Spells              Type           Power      Damage    Failure   Level
a - Magic Dart            Conj           68%        1d6       6%          1

Your spell library contained the following spells:

 Spells                   Type           Power      Damage    Failure   Level
 Slow                     Hex            16%        N/A       14%         1
 Blink                    Tloc           14%        N/A       16%         2
 Call Imp                 Summ           14%        N/A       16%         2
 Cigotuvi's Dreadful Rot  Necr/Pois/Air  8%         N/A       22%         2
 Ensorcelled Hibernation  Hex/Ice        8%         N/A       22%         2
 Jinxbite                 Hex            8%         N/A       22%         2
 Passwall                 Tmut/Erth      3%         N/A       22%         2
 Mephitic Cloud           Conj/Pois/Air  10%        N/A       32%         3
 Frozen Ramparts          Ice            8%         1d2       38%         3
 Swiftness                Air            4%         N/A       38%         3
 Anguish                  Hex/Necr       2%         N/A       80%         4
 Petrify                  Tmut/Erth      4%         N/A       80%         4
 Metabolic Englaciation   Hex/Ice        2%         N/A       98%         5


Dungeon Overview and Level Annotations

Branches:
Dungeon (4/15)
 Temple: D:4-7

Altars:
Kikubaaqudgha

Annotations:
D:4 Menkaure


Innate Abilities, Weirdness & Mutations

You are too large for most types of armour.
You have tough skin. (AC +1)


Message History

Casting: Magic Dart (safe; 6% risk of failure)
Confirm with . or Enter, or press ? or * to list all spells.
Okay, then.
Casting: Magic Dart (safe; 6% risk of failure)
Confirm with . or Enter, or press ? or * to list all spells.
Aiming: Magic Dart (safe; 6% risk of failure)
Press: ? - help, Shift-Dir - straight line, f - Menkaure
Aim: Menkaure (100% to hit)
You feel a surge of power!
The magic dart hits Menkaure.
Menkaure is lightly damaged.
Casting: Magic Dart (safe; 6% risk of failure)
Confirm with . or Enter, or press ? or * to list all spells.
Aiming: Magic Dart (safe; 6% risk of failure)
Press: ? - help, Shift-Dir - straight line, f/p - Menkaure
Aim: Menkaure (lightly damaged, 100% to hit)
You feel a surge of power!
The magic dart hits Menkaure but does no damage.
Menkaure is lightly damaged.
Casting: Magic Dart (safe; 6% risk of failure)
Confirm with . or Enter, or press ? or * to list all spells.
Aiming: Magic Dart (safe; 6% risk of failure)
Press: ? - help, Shift-Dir - straight line, f/p - Menkaure
Aim: Menkaure (lightly damaged, 100% to hit)
You feel a surge of power!
The magic dart hits Menkaure.
Menkaure is lightly damaged.
Menkaure hits you!!
You hit Menkaure.
Menkaure is moderately damaged.
You barely miss Menkaure.
Menkaure is moderately damaged.
Menkaure hits you!
Casting: Magic Dart (safe; 6% risk of failure)
Confirm with . or Enter, or press ? or * to list all spells.
Aiming: Magic Dart (safe; 6% risk of failure)
Press: ? - help, Shift-Dir - straight line, f/p - Menkaure
Aim: Menkaure (moderately damaged, 100% to hit)
You feel a surge of power!
The magic dart hits Menkaure.
Menkaure is heavily damaged.
Menkaure hits you!!
You die...

.#.# ###..##.. ..
......# ## .# ##.##..
.# .# #.# .## .# #.#
.. .# #.#########.#.#
#....##)....M.##
#....##+####@..#
##..#.........#.###
####..###........'..>#
.....## #........#####
###### #........#
#........# #........#
#........# #........#


You could see Menkaure.

Vanquished Creatures
  2 scorpion zombies (D:3)
  A hound zombie (D:3)
  A hound skeleton (D:3)
  An adder (D:2)
  An adder zombie (D:3)
  A worm (D:2)
  A dart slug (D:1)
  An orc (D:4)
  10 endoplasms
  6 goblins
  6 hobgoblins
  4 quokkas
  2 ball pythons (D:1)
  A ball python skeleton (D:3)
  7 bats
  7 frilled lizards
  A giant cockroach zombie (D:3)
  5 kobolds
  2 quokka skeletons (D:3)
  3 rats
63 creatures vanquished.

Notes
Turn   | Place    | Note
-------+----------+-------------------------------------------
     0 | D:1      | capslocke the Ogre Hedge Wizard began the quest for the
                  | Orb.
     0 | D:1      | Reached XP level 1. HP: 16/16 MP: 5/5
   169 | D:1      | Reached skill level 1 in Conjurations
   306 | D:1      | Reached XP level 2. HP: 24/24 MP: 4/6
   442 | D:1      | Reached skill level 4 in Spellcasting
   573 | D:1      | Reached XP level 3. HP: 19/31 MP: 0/8
  2047 | D:2      | Reached XP level 4. HP: 39/40 MP: 2/10
  2535 | D:3      | Reached skill level 1 in Staves
  2605 | D:3      | Found an ancient bone altar of Kikubaaqudgha.
  2714 | D:3      | Reached skill level 1 in Fighting
  2714 | D:3      | Reached skill level 5 in Spellcasting
  2714 | D:3      | Reached XP level 5. HP: 41/48 MP: 2/12
  3669 | D:4      | Noticed Menkaure
  3675 | D:4      | Slain by Menkaure

Illustrated notes

Levels and vault maps discovered:
D:1:      scummos_arrival_simple_crosswalls, layout_loops_ring, eino_curves_01,
          minmay_vboxes
D:2:      layout_basic
D:3:      layout_basic, mainiacjoe_overflow_paths, serial_undead,
          serial_undead_e, serial_undead_c, serial_undead_a, serial_undead_e,
          minmay_misc_feat_five
D:4:      minmay_evil_eye, layout_basic, zin_academy, chei_slow_surprise,
          uniq_menkaure, uniq_ijyb

Skill      XL: |  1  2  3  4 |
---------------+-------------+-----
Conjurations   | 1 2 |  2.0
Dodging        | 2 |  2.4
Spellcasting   | 4 5 |  5.1
Staves         | 1 |  1.7
Fighting       | 1 |  1.2
Stealth        | |  1.4
Summonings     | |  0.8
Translocations | |  0.8

Action                     |  1- 3 |  4- 6 || total
---------------------------+-------+-------++-------
  Melee: Staff             |    85 |    57 ||   142
         Dagger            |     3 |       ||     3
   Cast: Magic Dart        |    83 |    54 ||   137
 Armour: Robe              |    62 |    44 ||   106
  Dodge: Dodged            |    47 |    40 ||    87

Table legend: (Time is in decaauts)
 A = Elapsed time spent in this place.
 B = Non-inter-level travel time spent in this place.
 C = Inter-level travel time spent in this place.
 D = Time resting spent in this place.
 E = Time spent auto-exploring this place.
 F = Levels seen in this place.
 G = Mean time per level.
                   A        B        C        D        E       F      G
               +--------+--------+--------+--------+--------+-----+--------+
         Total |   3697 |   3621 |     76 |    491 |   2600 |   4 |  924.2 |
       Dungeon |   3697 |   3621 |     76 |    491 |   2600 |   4 |  924.2 |
               +--------+--------+--------+--------+--------+-----+--------+

Top non-repeatable levels by time:
     D:1: 1291 daAuts
     D:3: 1092 daAuts
     D:2: 1083 daAuts
     D:4: 229 daAuts
